 Dungeon Crawl Stone Soup version 0.16-a0-4002-g2d13b8e (webtiles) character file.

192 Armakuni the Magician (level 5, -11/28 HPs)
             Began as a Deep Elf Ice Elementalist on Feb 14, 2015.
             Killed by nerve-wracking pain
             ... invoked by an orc priest
              (14 damage)
             ... on level 3 of the Dungeon.
             The game lasted 00:07:27 (1684 turns).

Armakuni the Magician (Deep Elf Ice Elementalist)   Turns: 1684, Time: 00:07:29

Health: -11/28     AC:  2    Str:  5    XL:     5   Next: 42%
Magic:  11/18      EV: 18    Int: 21    God:
Gold:   141        SH:  0    Dex: 20    Spells: 4 memorised, 2 levels left

rFire  . . .     SeeInvis .     a - +0 quarterstaff
rCold  . . .     Clarity  .     r - -1 robe (curse)
rNeg   . . .     SustAb   .     (no shield)
rPois  .         Gourm    .     (no helmet)
rElec  .         Spirit   .     (no cloak)
rCorr  .         Warding  .     s - +0 pair of gloves
rMut   .         Stasis   .     (no boots)
MR     .....                    (no amulet)
Stlth  +++.......               (no ring)
                                (no ring)

@: agile, very slightly contaminated, not resistant to hostile enchantments,
fairly stealthy
A: no striking features
a: no special abilities


You were on level 3 of the Dungeon.
You were not hungry.

You visited 1 branch of the dungeon, and saw 3 of its levels.

You collected 141 gold pieces.

Inventory:

Hand weapons
 a - a +0 quarterstaff (weapon)
Missiles
 e - 26 stones
 u - 2 javelins (quivered)
Armour
 n - a +0 robe
 r - a cursed -1 robe (worn)
 s - a +0 pair of gloves (worn)
Jewellery
 T - an uncursed ring of teleportation
Scrolls
 d - a scroll of remove curse
 k - a scroll of teleportation
Potions
 f - a potion of degeneration {unknown}
 g - 2 potions of agility
 i - a potion of brilliance {unknown}
 j - a potion of curing {unknown}
 l - a potion of restore abilities
 m - a potion of poison {unknown}
 t - a potion of magic {unknown}
Books
 b - a book of Frost

   Spells                             Type                      Level
   a - Freeze                         Ice                          1
   b - Throw Frost                    Conjuration/Ice              2
   c - Ozocubu's Armour               Charms/Ice                   3
   d - Throw Icicle                   Conjuration/Ice              4
   e - Summon Ice Beast               Ice/Summoning                4
   f - Condensation Shield            Ice                          4
Comestibles
 c - a bread ration
 h - 7 fruits
 p - a meat ration
 q - a slice of pizza


   Skills:
 - Level 2.4 Dodging
 - Level 2.4 Stealth
 - Level 4.9 Spellcasting
 + Level 2.5 Conjurations
 + Level 2.6 Summonings
 - Level 4.4 Ice Magic


You had 2 spell levels left.
You knew the following spells:

 Your Spells              Type           Power        Failure   Level  Hunger
i - Throw Icicle          Conj/Ice       ###.....     28%         4    ####...
n - Summon Ice Beast      Ice/Summ       ###.....     28%         4    ####...
t - Throw Frost           Conj/Ice       ###...       4%          2    None
z - Freeze                Ice            ###.         1%          1    None


Dungeon Overview and Level Annotations

Branches:
Dungeon (3/15)

Altars:


Message History

It was a potion of agility.
You feel agile all of a sudden.
Drink which item? (? for menu, Esc to quit)
It was a potion of restore abilities.
You feel refreshed.
Drink which item? (? for menu, Esc to quit)
Okay, then.
Unknown command.
Unknown command.
Casting: Throw Frost
Confirm with . or Enter, or press ? or * to list all spells.
Aiming: Throw Frost
Press: ? - help, Shift-Dir - straight line, f - orc priest
Aim: an orc priest, wielding a morningstar of holy wrath and wearing a leather armour (heavily wounded)
You miscast Throw Frost.
You are very lightly contaminated with residual magic.
You smell something strange.
The orc priest invokes the aid of Beogh against you.
Pain shoots through your body!
Ouch! That really hurt!
You die...

. .# .# .# o# ###########o#
..........#.# #######
#########@#.# #.....#
#.....)o# ###.....# #.###.###
#.......#
#.#####.###.#######.....####
...................'.....'...
.##########.#######.....####
#.# #.....#
#.#######.....####
....####.#...............


You could see an orc priest.

Vanquished Creatures
  2 orc wizards (D:3)
  2 worker ants (D:3)
  Terence (D:2)
  4 gnolls (D:2)
  An adder (D:2)
  A worm (D:2)
  A giant gecko (D:2)
  4 orcs (D:3)
  4 bats
  2 giant cockroaches
  3 goblins
  4 hobgoblins
  A quokka (D:2)
  A ball python (D:3)
  A giant newt (D:1)
  3 kobolds
  5 rats
40 creatures vanquished.

Notes
Turn   | Place    | Note
--------------------------------------------------------------
     0 | D:1      | Armakuni, the Deep Elf Ice Elementalist, began the quest for the Orb.
     0 | D:1      | Reached XP level 1. HP: 10/10 MP: 5/5
   297 | D:1      | Reached XP level 2. HP: 15/15 MP: 1/8
   521 | D:1      | Learned a level 2 spell: Throw Frost
   651 | D:2      | Reached skill level 4 in Spellcasting
   799 | D:2      | Noticed Terence
   815 | D:2      | Killed Terence
   815 | D:2      | Reached XP level 3. HP: 16/19 MP: 5/12
   916 | D:2      | Reached XP level 4. HP: 24/24 MP: 12/16
   995 | D:2      | Learned a level 4 spell: Summon Ice Beast
  1000 | D:2      | Learned a level 4 spell: Throw Icicle
  1427 | D:3      | Reached skill level 1 in Summonings
  1474 | D:3      | Reached XP level 5. HP: 28/28 MP: 16/18
  1684 | D:3      | Killed from afar by an orc priest

Action                   |  1- 3 |  4- 6 || total
-------------------------+-------+-------++-------
Melee: Hand axe          |       |     1 ||     1
       Quarterstaff      |       |     1 ||     1
Throw: Javelin           |     8 |     6 ||    14
 Cast: Freeze            |    37 |    19 ||    56
       Throw Frost       |     1 |    15 ||    16
 Abil: Evoke Teleportati |     1 |       ||     1
  Use: Scroll            |     4 |       ||     4
       Potion            |       |     2 ||     2
 Stab: Sleeping          |       |     1 ||     1
  Eat: Chunk             |       |     3 ||     3
